 Dungeon Crawl Stone Soup version 0.27-a0-1191-g601b473118 (webtiles) character file.

Game seed: 14066498597069801362

22 shoop the Sneak (level 2, -2/24 HPs)
             Began as a Demonspawn Delver on May 23, 2021.
             Slain by a bullfrog (4 damage)
             ... on level 6 of the Dungeon.
             The game lasted 00:02:18 (657 turns).

shoop the Sneak (Demonspawn Delver)                  Turns: 657, Time: 00:02:19

Health: -2/24      AC:  3    Str: 12    XL:     2   Next: 68%
Magic:  2/2        EV: 13    Int: 11    God:
Gold:   19         SH:  0    Dex: 14    Spells: 1/1 levels left

rFire    . . .     SeeInvis .   a - +0 short sword
rCold    . . .     Faith    .   (no shield)
rNeg     . . .     Spirit   .   b - +0 leather armour
rPois    .         Reflect  .   (no helmet)
rElec    .         Harm     .   (no cloak)
rCorr    .         Rampage  .   (no gloves)
Will     .....                  (no boots)
Stlth    +++.......             (no amulet)
HPRegen  0.08/turn              (no ring)
MPRegen  0.08/turn              (no ring)

@: no status effects
A: repulsion field 1
a: no special abilities


You were on level 6 of the Dungeon.
You visited 1 branch of the dungeon, and saw 2 of its levels.

You collected 19 gold pieces.

Inventory:

Hand Weapons
 a - a +0 short sword (weapon)
Missiles
 h - 2 atropa-tipped darts (quivered)
Armour
 b - a +0 leather armour (worn)
Jewellery
 j - the ring "Ojuworch" {rF+ Will+ Str+4 Dex+9 Slay-6}
   (You found it on level 5 of the Dungeon)

   [ring of protection from fire]

   It affects your strength (+4).
   It affects your dexterity (+9).
   It affects your accuracy and damage with ranged weapons and melee attacks
   (-6).
   It protects you from fire.
   It increases your willpower.
Wands
 g - a wand of digging (3)
 i - a wand of flame (16)
 l - a wand of acid (4)
Scrolls
 c - a scroll of fog
 d - a scroll of magic mapping
 e - a scroll of fear
 k - a scroll of identify {unknown}
Potions
 f - a potion of haste


   Skills:
 - Level 3.1 Fighting
 - Level 1.8 Short Blades
 + Level 0.0 Throwing
 - Level 0.1 Armour
 - Level 1.8 Dodging
 - Level 5.1 Stealth
 + Level 0.0 Evocations


You had one spell level left.
You didn't know any spells.
Your spell library was empty.

Dungeon Overview and Level Annotations

Branches:
Dungeon (6/15)             Temple (0/1) D:6

Altars:

Annotations:
D:6 exclusion: phantom


Innate Abilities, Weirdness & Mutations

You are surrounded by a mild repulsion field. (EV +2)


Message History

A bullfrog comes into view.
The bullfrog moves out of view.
A bullfrog is nearby!
Found 19 poisoned darts.
Found a curved iron wand.
Found a staircase to the Ecumenical Temple.
You see here a wand of acid (6).
l - a wand of acid (6) Throw: 4 darts (atropa)
Press: ? - help, Q - select action, (/) - cycle Shift-Dir - straight line
Okay, then.
Throw: 4 darts (atropa)
Press: ? - help, Q - select action, (/) - cycle Shift-Dir - straight line, f - bullfrog
Aim: a bullfrog (51% to hit, chance to blind on hit: 72%)
You throw an atropa-tipped dart.
The atropa-tipped dart misses the bullfrog.
Throw: 3 darts (atropa)
Press: ? - help, Q - select action, (/) - cycle Shift-Dir - straight line, f/p - bullfrog
Aim: a bullfrog (51% to hit, chance to blind on hit: 72%)
You throw an atropa-tipped dart.
The atropa-tipped dart closely misses the bullfrog.
The bullfrog hits you but does no damage.
Aiming: Corrosive Bolt
Press: ? - help, Shift-Dir - straight line, f/p - bullfrog
Aim: a bullfrog (64% to hit)
The bolt of acid misses the bullfrog.
The bullfrog hits you! x2
Aiming: Corrosive Bolt
Press: ? - help, Shift-Dir - straight line, f/p - bullfrog
Aim: a bullfrog (64% to hit)
The bolt of acid hits the bullfrog!
The bullfrog is splashed with acid.
The acid corrodes the bullfrog!
The bullfrog is severely wounded.
The bullfrog hits you!
* * * LOW HITPOINT WARNING * * *
You hit the bullfrog.
The bullfrog is almost dead.
The bullfrog barely misses you.
A scorpion comes into view.
The bullfrog hits you.
You die...

(. .. ... .. .#
.....#.# .#
#.#..#.... ..#
#..##....# ..#
#.....>s. ...#
#..#...F##...#
##.#.(..#@.#..#
#..#..#.#.....#
#...##...#..#.#
#........## #
#.#..#.#####
#......#
######.# #.#
#.#


You could see a bullfrog (corroded) and a scorpion.

Vanquished Creatures
  2 adders (D:6)
  2 orcs
4 creatures vanquished.

Notes
Turn   | Place    | Note
-------+----------+-------------------------------------------
     0 | D:5      | shoop the Demonspawn Delver began the quest for the Orb.
     0 | D:5      | Reached XP level 1. HP: 18/18 MP: 1/1
    10 | D:5      | Noticed a phantom
    29 | D:6      | Noticed a phantom
   120 | D:6      | Gained mutation: You are surrounded by a mild repulsion
                  | field. (EV +2) [demonic ancestry]
   120 | D:6      | Reached XP level 2. HP: 21/24 MP: 2/2
   260 | D:5      | Identified the ring "Ojuworch" {rF+ Will+ Str+4 Dex+9
                  | Slay-6}
   290 | D:5      | Noticed a wight
   291 | D:5      | Noticed a wight
   292 | D:5      | Noticed a wight
   609 | D:6      | Reached skill level 5 in Stealth
   628 | D:6      | Noticed a bullfrog
   642 | D:6      | Found a staircase to the Ecumenical Temple.
   657 | D:6      | Noticed a scorpion
   657 | D:6      | Slain by a bullfrog

Illustrated notes

Levels and vault maps discovered:
D:5:      layout_gridville, minmay_crossroads
D:6:      layout_loops_ring, minmay_temple_entry_mini_moons

Skill      XL: |  1  2 |
---------------+-------+-----
Stealth        | 5 |  5.1
Fighting       | |  3.1
Short Blades   | |  1.8
Armour         | |  0.1
Dodging        | |  1.8

Action                   || total
-------------------------++-------
Melee: Short sword       ||    23
Throw: Dart              ||     7
Evoke: Wand              ||     2
 Stab: Invisible         ||     1
Armor: Leather armour    ||     1
Dodge: Dodged            ||    16

Table legend: (Time is in decaauts)
 A = Elapsed time spent in this place.
 B = Non-inter-level travel time spent in this place.
 C = Inter-level travel time spent in this place.
 D = Time resting spent in this place.
 E = Time spent auto-exploring this place.
 F = Levels seen in this place.
 G = Mean time per level.
                   A        B        C        D        E       F      G
               +--------+--------+--------+--------+--------+-----+--------+
         Total |    658 |    658 |      0 |    352 |    156 |   2 |  329.0 |
       Dungeon |    658 |    658 |      0 |    352 |    156 |   2 |  329.0 |
               +--------+--------+--------+--------+--------+-----+--------+

Top non-repeatable levels by time:
     D:6: 575 daAuts
     D:5: 82 daAuts
